 Dungeon Crawl Stone Soup version 0.26-a0-154-g3d63440f56 (webtiles) character file.

Game seed: 8325823179252996559

3683 Gargoyl the Covered (level 9, 0/111 HPs)
             Began as a Centaur Abyssal Knight on July 1, 2020.
             Was a Priest of Lugonu.
             Slain by a wolf (2 damage)
             ... led by Grum
             ... on level 7 of the Dungeon.
             The game lasted 00:15:32 (11004 turns).

Gargoyl the Covered (Centaur Abyssal Knight)       Turns: 11004, Time: 00:15:32

Health: 0/111      AC: 12    Str: 16    XL:     9   Next: 90%
Magic:  5/13       EV:  6    Int: 11    God:    Lugonu [***...]
Gold:   328        SH:  0    Dex: 11    Spells: 8/8 levels left

rFire    . . .     SeeInvis .   m - +1 hand axe (vorpal)
rCold    + . .     Faith    .   (no shield)
rNeg     . . .     Spirit   .   o - +0 chain mail
rPois    .         Reflect  .   (no helmet)
rElec    .         Harm     .   l - +2 cloak
rCorr    .                      (no gloves)
MR       .....                  (no barding)
Stlth    ..........             d - amulet of the acrobat
HPRegen  0.28/turn              i - ring of stealth
MPRegen  0.13/turn              q - ring of protection from cold

@: berserking, lethally poisoned (0 -> 0), very quick
A: large, hooves 3, deformed body, speed 2, tough skin 3
a: Depart the Abyss, Bend Space, Banish, Renounce Religion


You were on level 7 of the Dungeon.
You worshipped Lugonu.
Lugonu was most pleased with you.
You were not hungry.

You visited 1 branch of the dungeon, and saw 9 of its levels.
You visited the Abyss 1 time.

You collected 361 gold pieces.
You spent 33 gold pieces at shops.

Inventory:

Hand Weapons
 a - a +1 hand axe
 m - a +1 vorpal hand axe (weapon)
Missiles
 j - 3 boomerangs (quivered)
Armour
 l - a +2 cloak (worn)
 o - a +0 chain mail (worn)
Jewellery
 d - an amulet of the acrobat (around neck)
 i - a ring of stealth (left hand)
 q - a ring of protection from cold (right hand)
Wands
 b - a wand of iceblast (6)
 k - a wand of digging (6)
 r - a wand of polymorph (10)
Scrolls
 f - 4 scrolls of magic mapping
 n - 2 scrolls of identify
 p - 2 scrolls of remove curse
 s - a scroll of teleportation
Potions
 e - a potion of invisibility
 h - 2 potions of brilliance
Comestibles
 c - 10 rations
 g - a chunk of flesh


   Skills:
 + Level 5.4 Fighting
 + Level 6.4 Axes
 * Level 6.5 Armour
 * Level 4.2 Dodging
 * Level 6.4 Invocations
 + Level 0.6 Evocations


You had 8 spell levels left.
You didn't know any spells.
Your spell library contained the following spells:

 Spells                   Type           Power        Failure   Level  Hunger
 Corona                   Hex            #......      99%         1    ##.....
 Magic Dart               Conj           #...         99%         1    ##.....
 Ensorcelled Hibernation  Hex/Ice        #.....       100%        2    ###....
 Searing Ray              Conj           #.....       100%        2    ###....
 Confusing Touch          Hex            #.......     100%        3    ####...
 Dazzling Flash           Conj/Hex       #.....       100%        3    ####...
 Tukima's Dance           Hex            #.......     100%        3    ####...
 Fulminant Prism          Conj/Hex       #.........   100%        4    #####..
 Iskenderun's Mystic Bla  Conj/Tloc      #.......     100%        4    #####..


Dungeon Overview and Level Annotations

Branches:
Dungeon (9/15)             Temple (0/1) D:6
   Lair: D:8-11         Orc: D:9-12

Altars:
Dithmenos
Hepliaklqana
Kikubaaqudgha
Ru
Sif Muna
Uskayaw
Xom

Shops:
D:7 ?

Annotations:
D:8 Grum


Innate Abilities, Weirdness & Mutations

You have hooves in place of feet.
Armour fits poorly on your strangely shaped body.
You cover ground very quickly.
You have extremely tough skin. (AC +3)


Message History

The killer bee is devoured by a tear in reality.
Lugonu claims a new guest.
You feel somewhat more hungry. The wolf bites you.
* * * LOW HITPOINT WARNING * * *
A red film seems to cover your vision as you go berserk!
You feel yourself moving faster!
You feel mighty!
You feel sick.
The wolf bites you but does no damage. x2
You closely miss the wolf.
The wolf is lightly wounded.
The wolf barely misses you.
You miss the wolf.
The wolf is lightly wounded.
The wolf bites you but does no damage.
You closely miss the wolf.
The wolf is lightly wounded.
You feel sick. The wolf barely misses you.
Your chain mail prevents you from hitting the wolf.
The wolf is lightly wounded.
The wolf bites you.
You die...

#.....#
#.##.#....#
###.###
#.##.#.#### #..#
#....#.....
#.#########.######
#.....l§....#
#.#########.# #§#
#.# #§# #.# #@#
#.# #h# #.# #.#
#.# #.### #.#
#...# #.# #.#.#
#.#### #.#.#
#....# #.#.#
####.### #.#.#
#.#..


You could see a wolf.

Vanquished Creatures
  A hippogriff (D:7)
  A spriggan (D:7)
  A wyvern (D:7)
  A hungry ghost (D:6)
  Menkaure (D:7)
  2 porcupines
  An orc warrior (D:7)
  A sky beast (D:5)
  3 phantoms
  A necrophage (D:7)
  A centaur (D:5)
  2 crocodiles
  3 bullfrogs
  A water moccasin zombie (D:6)
  7 scorpions
  A killer bee (D:6)
  4 wights (D:7)
  2 howler monkeys (D:5)
  A bullfrog zombie (D:7)
  3 crimson imps
  3 hounds
  3 orc priests
  A bullfrog skeleton (D:5)
  6 orc wizards
  An iguana (D:8)
  4 worker ants
  8 gnolls
  A howler monkey skeleton (D:5)
  10 adders
  3 worms
  2 dart slugs
  6 leopard geckos
  28 orcs
  A ball python (D:3)
  6 bats
  4 giant cockroaches
  6 goblins
  4 hobgoblins
  A quokka (D:3)
  6 frilled lizards
  A jackal skeleton (D:7)
  7 kobolds
  A leopard gecko zombie (D:5)
  6 rats
157 creatures vanquished.

Vanquished Creatures (others)
  An orc warrior (D:6)
  3 killer bees (D:7)
  2 fungi (D:5)
  2 plants (D:8)
8 creatures vanquished.

Grand Total: 165 creatures vanquished

Notes
Turn   | Place    | Note
-------+----------+-------------------------------------------
     0 | Abyss:1  | Gargoyl the Centaur Abyssal Knight began the quest for the
                  | Orb.
     0 | Abyss:1  | Reached XP level 1. HP: 19/19 MP: 2/2
    74 | Abyss:1  | Noticed a small abomination
   116 | Abyss:1  | Noticed a small abomination
   136 | D:1      | Escaped the Abyss
   454 | D:1      | Reached XP level 2. HP: 22/26 MP: 3/3
   592 | D:1      | Reached * piety under Lugonu
  1028 | D:2      | Reached skill level 1 in Dodging
  1028 | D:2      | Reached XP level 3. HP: 31/31 MP: 4/4
  1110 | D:2      | Found a sacrificial altar of Ru.
  1525 | D:3      | Reached XP level 4. HP: 16/39 MP: 5/5
  2221 | D:3      | Reached ** piety under Lugonu
  2808 | D:3      | Reached XP level 5. HP: 42/46 MP: 5/7
  3181 | D:4      | Found a shimmering altar of Xom.
  3183 | D:4      | Found an ancient bone altar of Kikubaaqudgha.
  3650 | D:4      | Found a shimmering blue altar of Sif Muna.
  3682 | D:5      | Entered Level 5 of the Dungeon
  3721 | D:5      | Noticed a centaur
  3737 | D:5      | Reached XP level 6. HP: 32/52 MP: 8/8
  3896 | D:5      | Found a hazy altar of Hepliaklqana.
  3923 | D:5      | Found a sacrificial altar of Ru.
  3965 | D:4      | HP: 2/52 [phantom (5)]
  4250 | D:4      | Reached XP level 7. HP: 57/59 MP: 9/9
  5200 | D:5      | Reached XP level 8. HP: 62/67 MP: 10/10
  5262 | D:5      | Found the +7 Singing Sword {vorpal, sonic wave}
  5332 | D:5      | Reached *** piety under Lugonu
  5543 | D:6      | Found a staircase to the Ecumenical Temple.
  5633 | D:6      | You fall into a shaft and drop 3 floors!
  5642 | D:9      | Found a shadowy altar of Dithmenos.
  5689 | D:8      | Noticed Grum
  5836 | D:7      | Found Racvossa's Magic Scroll Shop.
  5851 | D:7      | Reached skill level 5 in Axes
  6429 | D:6      | Noticed a +0 hand axe
  6430 | D:6      | Found a hide-covered altar of Uskayaw.
  6430 | D:6      | Noticed a +0 hand axe
  6746 | D:6      | Reached skill level 5 in Invocations
  7807 | D:7      | Noticed a hippogriff
  7825 | D:7      | Killed a hippogriff
  8121 | D:7      | Reached skill level 5 in Fighting
  8256 | D:6      | HP: 5/102 [poisoned by a killer bee]
  8262 | D:6      | HP: 4/102 [poisoned by a killer bee]
  8268 | D:6      | HP: 3/102 [poisoned by a killer bee]
  8276 | D:6      | HP: 4/102 [poisoned by a killer bee]
  8612 | D:6      | Reached skill level 5 in Armour
  8612 | D:6      | Reached XP level 9. HP: 63/74 MP: 13/13
  9223 | D:7      | Noticed Menkaure
  9226 | D:7      | Killed Menkaure
  9384 | D:7      | HP: 3/74 [wight/+0 mace (1)]
  9775 | D:7      | Bought a scroll of teleportation for 33 gold pieces
 10999 | D:7      | HP: 2/74 [wolf[Grum] (4)]
 11004 | D:7      | Slain by a wolf

Illustrated notes

Levels and vault maps discovered:
D:1:      elethiomel_arrival_infinity_welcomes_careful_drivers, layout_basic,
          minmay_cut_off
D:2:      layout_basic, first_ration, nicolae_ru_sacrificial_ziggurat
D:3:      minmay_evil_eye, layout_basic, cheibrodos_gnoll_hut
D:4:      layout_basic, led_sif_pool, grunt_temple_overflow_open
D:5:      old_forge, layout_rooms, overflow_temple_1_default,
          kennysheep_mini_moat
D:6:      layout_loops_corners, dancing_weapons_uskayaw,
          minmay_temple_entry_enclosed_plants
D:7:      layout_loops_ring, serial_shops, shop, the_bakery, uniq_menkaure
D:8:      layout_cave_pools, nicolae_overflow_crystal_walls,
          minmay_lair_entry_grove, uniq_grum
D:9:      layout_small_grid, slow_altar_2, orc_0_dummy, serial_shops,
          shop_fountains, nicolae_dithmenos_through_a_glass_darkly

Skill      XL: |  1  2  3  4  5  6  7  8  9 |
---------------+----------------------------+-----
Axes           | 2 3 4 5 6 |  6.4
Dodging        | 1 2 3 4 |  4.2
Armour         | 2 3 5 6 |  6.5
Invocations    | 3 5 6 |  6.4
Fighting       | 4 5 |  5.4
Evocations     | |  0.6

Action                   |  1- 3 |  4- 6 |  7- 9 || total
-------------------------+-------+-------+-------++-------
Melee: Hand axe          |    94 |   135 |   458 ||   687
       Kick              |    14 |    20 |   116 ||   150
Invok: Depart the Abyss  |     1 |       |       ||     1
       Bend Space        |       |       |     6 ||     6
       Banish            |       |       |     5 ||     5
Evoke: Wand              |       |     2 |    11 ||    13
  Use: Scroll            |     4 |     6 |     5 ||    15
       Potion            |       |     2 |     5 ||     7
 Stab: Invisible         |       |       |     1 ||     1
  Eat: Chunk             |       |     7 |    11 ||    18
       Ration            |       |       |     6 ||     6
Armor: Leather armour    |    44 |    54 |     3 ||   101
       Chain mail        |       |       |   311 ||   311
Dodge: Dodged            |    53 |    85 |   198 ||   336

Table legend:
 A = Non-vault XP
 B = Vault XP
 C = Vault XP percentage of total XP
 D = Non-vault monster count
 E = Vault monster count
 F = Vault count percentage of total count
                 A         B        C        D         E       F
            +---------+---------+-------+---------+---------+-------
      Total |    3979 |    1283 |  24.4 |     136 |      25 |  15.5
            +---------+---------+-------+---------+---------+-------
        D:1 |      21 |       4 |  16.0 |      12 |       3 |  20.0
        D:2 |      44 |       0 |   0.0 |      11 |       0 |   0.0
        D:3 |      67 |      83 |  55.3 |      21 |       5 |  19.2
        D:4 |     144 |      43 |  23.0 |       4 |       1 |  20.0
        D:5 |     932 |     295 |  24.0 |      25 |      10 |  28.6
        D:6 |     716 |       0 |   0.0 |      19 |       0 |   0.0
        D:7 |    1791 |     614 |  25.5 |      38 |       4 |   9.5
        D:8 |     220 |     244 |  52.6 |       3 |       2 |  40.0
        D:9 |      44 |       0 |   0.0 |       3 |       0 |   0.0
            +---------+---------+-------+---------+---------+-------
